 Dungeon Crawl Stone Soup version 0.29.0-11-gd7f09526c8 (webtiles) character file.

Game seed: 17127723069663439150

2 Zeldest the Trooper (level 1, -1/18 HPs)
             Began as a Mummy Cinder Acolyte on Sept 4, 2022.
             Was a High Priest of Ignis.
             Slain by a hobgoblin (3 damage)
             ... on level 1 of the Dungeon.
             The game lasted 00:00:07 (50 turns).

Zeldest the Trooper (Mummy Cinder Acolyte)            Turns: 50, Time: 00:00:08

Health: -1/18      AC:  2    Str: 17    XL:     1   Next: 33%
Magic:  2/2        EV: 11    Int: 13    God:    Ignis [*****.]
Gold:   11         SH:  0    Dex:  7    Spells: 2/2 levels left

rFire   . . .      SeeInvis .   a - -1 hand axe (flame)
rCold   + . .      Faith    .   (no shield)
rNeg    + + +      Spirit   .   b - +0 robe
rPois   ∞          Reflect  .   (no helmet)
rElec   .          Harm     .   (no cloak)
rCorr   .          Rampage  .   (no gloves)
Will    .....                   (no boots)
Stlth   +.........              (no amulet)
HPRegen 0.06/turn               (no ring)
MPRegen 0.08/turn               (no ring)

@: no status effects
A: cold resistance 1, negative energy resistance 3, torment resistance 2, heat
vulnerability 1, no potions
a: Renounce Religion, Fiery Armour, Foxfire Swarm, Rising Flame


You were on level 1 of the Dungeon.
You worshipped Ignis.
Ignis was extremely pleased with you.
You visited 1 branch of the dungeon, and saw 1 of its levels.

You collected 11 gold pieces.

Inventory:

Hand Weapons
 a - a -1 hand axe of flaming (weapon)
Armour
 b - a +0 robe (worn)


   Skills:
 + Level 3.0 Fighting
 * Level 2.5 Axes
 - Level 1.3 Spellcasting
 - Level 2.4 Fire Magic


You had 2 spell levels left.
You didn't know any spells.
Your spell library contained the following spells:

 Spells                   Type           Power      Damage    Failure   Level
 Scorch                   Fire           14%        2d6       16%         2


Dungeon Overview and Level Annotations

Branches:
Dungeon (1/15)

Altars:


Innate Abilities, Weirdness & Mutations

You are immune to poison.
Your flesh is cold resistant. (rC+)
You are immune to negative energy. (rN+++)
You are immune to unholy pain and torment.
You are vulnerable to heat. (rF-)
You do not drink.


Message History

The jackal bites you.
You barely miss the jackal.
The jackal is almost dead.
You closely miss the jackal. The jackal barely misses you.
The jackal closely misses you.
A jackal comes into view.
The jackal bites you. x2; The hobgoblin closely misses you.
You are too injured to fight recklessly!
You are too injured to fight recklessly!
You closely miss the hobgoblin.
The jackal barks!
You hit the jackal. You burn the jackal. You closely miss the jackal.
The jackal closely misses you.
The jackal bites you but does no damage.
A jackal comes into view.
The hobgoblin hits you. The jackal misses you.
You hit the hobgoblin but do no damage. You closely miss the jackal.
You hit the jackal but do no damage. The jackal bites you. x2
* * * LOW HITPOINT WARNING * * *
The jackal closely misses you. The hobgoblin hits you.
* * * LOW HITPOINT WARNING * * *
The jackal barely misses you.
You barely miss the hobgoblin. You closely miss the jackal.
The jackal barks!
You hit the jackal but do no damage. The jackal barely misses you.
The jackal bites you but does no damage.
The hobgoblin barely misses you. The jackal bites you.
* * * LOW HITPOINT WARNING * * *
You barely miss the hobgoblin. You closely miss the jackal. x2
The jackal closely misses you.
The hobgoblin hits you but does no damage.
The jackal barely misses you. The jackal misses you.
You hit the hobgoblin. You burn the hobgoblin.
The hobgoblin is severely wounded.
You hit the jackal. You burn the jackal.
You kill the jackal!
You hit the jackal. You burn the jackal.
You kill the jackal!
The hobgoblin hits you.
You die...

##### ..... ...... ###
....^. ... ###
).....###.# #.# ##
......h#..# ##'####.
....hhh†..# +...'..#
#@..# ####.<.####
..####g..####..'...'..#
...g.....?##..####'####.
.(##......#.### #.#
..........#######.#
####............#..
....).........####
...##.........# .###
#.........#


You could see 4 jackals and a hobgoblin.

Vanquished Creatures
  A hobgoblin (D:1)
  3 jackals (D:1)
4 creatures vanquished.

Notes
Turn   | Place    | Note
-------+----------+-------------------------------------------
     0 | D:1      | Zeldest the Mummy Cinder Acolyte began the quest for the
                  | Orb.
     0 | D:1      | Reached XP level 1. HP: 18/18 MP: 2/2
    50 | D:1      | Slain by a hobgoblin

Illustrated notes

Levels and vault maps discovered:
D:1:      dpeg_arrival_radiant, layout_rooms,
          chequers_ecumenical_altar_simple_redux

Action                   || total
-------------------------++-------
Melee: Hand axe          ||    12
       Punch             ||     1
Armor: Robe              ||     5
Dodge: Dodged            ||    17
